 Dungeon Sprint DCSS version 0.19-a0-1493-gd0fcaa6 (webtiles) character file.

64 poirepourri the Sneak (level 3, 0/24 HPs)
             Began as a Spriggan Enchanter on Sept 9, 2016.
             Drowned by a water elemental (6 damage)
             ... in the Dungeon (Sprint III: "The Ten Rune Challenge").
             The game lasted 00:01:35 (530 turns).

poirepourri the Sneak (Spriggan Enchanter)           Turns: 530, Time: 00:01:35

Health: 0/24       AC:  3    Str:  9    XL:     3   Next: 91%
Magic:  10/10      EV: 20    Int: 17    God:
Gold:   26         SH:  0    Dex: 16    Spells: 4 memorised, 2 levels left

rFire  . . .     SeeInvis +     a - +1 dagger
rCold  . . .     Gourm    .     b - +1 robe
rNeg   . . .     Faith    .     (shield restricted)
rPois  .         Spirit   .     (helmet restricted)
rElec  .         Dismiss  .     (no cloak)
rCorr  .         Reflect  .     (gloves unavailable)
MR     .....     Harm     .     (boots unavailable)
Stlth  .......... NoTele   +    (no amulet)
                                (no ring)
                                (no ring)

@: berserking, engulfed (cannot breathe), very quick
A: unfitting armour, see invisible, herbivore 3, speed 3, slow metabolism 2
a: no special abilities


You were in the Dungeon.
You were not hungry.

You visited 1 branch You collected 26 gold pieces.

Inventory:

Hand Weapons
 a - a +1 dagger (weapon)
Armour
 b - a +1 robe (worn)
Scrolls
 j - a scroll of blinking
 l - a scroll of holy word
 n - a scroll of remove curse
Potions
 e - a potion of curing
 g - a potion of haste
 h - 2 potions of magic
 k - 2 potions of mutation
 o - 4 potions of cure mutation
 p - 2 potions of flight
 s - a potion of degeneration
Books
 c - a book of Maledictions

   Spells                             Type                      Level
   a - Corona                         Hexes                        1
   b - Ensorcelled Hibernation        Hexes/Ice                    2
   c - Confuse                        Hexes                        3
   d - Tukima's Dance                 Hexes                        3
   e - Dazzling Spray                 Conjuration/Hexes            3
Comestibles
 d - a bread ration
 r - a royal jelly


   Skills:
 + Level 1.4 Short Blades
 + Level 4.8 Dodging
 + Level 7.9 Stealth
 + Level 4.5 Spellcasting
 + Level 6.7 Hexes
 + Level 0.2 Ice Magic


You had 2 spell levels left.
You knew the following spells:

 Your Spells              Type           Power        Failure   Level  Hunger
a - Corona                Hex            ####...      1%          1    None
b - Ensorcelled Hibernat  Hex/Ice        ###...       6%          2    ##.....
c - Confuse               Hex            ####....     3%          3    ###....
d - Tukima's Dance        Hex            ####....     3%          3    ###....


Dungeon Overview and Level Annotations

Branches:
Dungeon (1/1)

Altars:


Innate Abilities, Weirdness & Mutations

You are tiny and cannot use many weapons and most armour.
You have supernaturally acute eyesight. (SInv)
You are a herbivore.
You cover ground extremely quickly.
You need consume almost no food.


Message History

The helpless water elemental fails to defend itself.
You impale the water elemental!!
The water elemental is almost destroyed.
The water elemental misses you.
You hit the water elemental but do no damage.
The water elemental is almost destroyed.
The water elemental misses you.
You hit the water elemental but do no damage.
The water elemental is almost destroyed.
The water elemental hits you!
Ouch! That really hurt!
* * * LOW HITPOINT WARNING * * *
The water elemental engulfs you in water!
You feel much better.
Your lungs strain for air!
The water elemental hits you!
* * * LOW HITPOINT WARNING * * *
A red film seems to cover your vision as you go berserk!
You feel yourself moving faster!
You feel mighty!
You die...

▓▓▓▓▓ ▓▓▓ #...#### ##.#
#...)..#####..#
#.......#%.#..#
##.##...#..#..###+#+###+
##.###..##'#..#.........
###.##..###...'.⌠.......
#..##..####...#.@.#####
...##..###....#.E.#
..##...##.....#...#
.##....#†.....#+###
###..##.#.....# #
#..#####....# ▓ ▓▓▓▓
▓▓▓▓▓▓


You could see a water elemental.

Vanquished Creatures
  Jessica (D)
  A human (D)
  A wolf (D)
  An ooze (D)
  2 rats (D)
6 creatures vanquished.

Vanquished Creatures (others)
  2 draconian scorchers (D)
  6 hellions (D)
  2 yaktaurs (D)
  4 plants (D)
14 creatures vanquished.

Grand Total: 20 creatures vanquished

Notes
Turn   | Place    | Note
-------+----------+-------------------------------------------
     0 | D        | poirepourri the Spriggan Enchanter began the quest for the Orb.
     0 | D        | Reached XP level 1. HP: 9/9 MP: 5/5
    18 | D        | Reached skill level 5 in Stealth
    94 | D        | Killed a hellion
   146 | D        | Killed a hellion
   154 | D        | Killed a hellion
   169 | D        | Killed a hellion
   190 | D        | Noticed Jessica
   205 | D        | Killed Jessica
   205 | D        | Reached skill level 6 in Stealth
   205 | D        | Reached skill level 5 in Hexes
   205 | D        | Reached XP level 2. HP: 13/13 MP: 4/7
   205 | D        | Reached XP level 3. HP: 16/16 MP: 5/9
   209 | D        | Learned a level 2 spell: Ensorcelled Hibernation
   213 | D        | Learned a level 3 spell: Confuse
   213 | D        | Killed a hellion
   217 | D        | Learned a level 3 spell: Tukima's Dance
   218 | D        | Killed a yaktaur
   225 | D        | Killed a hellion
   242 | D        | Killed a white draconian scorcher
   253 | D        | Reached skill level 7 in Stealth
   267 | D        | Killed a white draconian scorcher
   326 | D        | Killed a yaktaur
   522 | D        | Noticed a water elemental
   530 | D        | Drowned by a water elemental

Vault maps used:
D:        dungeon_sprint_mu

Skill      XL: |  1  2  3 |
---------------+----------+-----
Stealth        | 6 7 |  7.9
Spellcasting   | 3 4 |  4.5
Hexes          | 5 6 |  6.7
Dodging        | 4 |  4.8
Short Blades   | |  1.4
Ice Magic      | |  0.2

Action                   || total
-------------------------++-------
Melee: Dagger            ||    25
 Cast: Corona            ||     3
       Ensorcelled Hiber ||     6
  Use: Potion            ||     3
       Scroll            ||     5
 Stab: Sleeping          ||     5
Armor: Robe              ||     1
Dodge: Dodged            ||    13
